Map: Orbital Shipyard

Players

SticklerMac

  • Race: Zerg Zerg
  • League: Silver

Drago - Winner!

  • Race: Zerg Zerg
  • League: Silver

VOD

Have the link to the VOD?

Description

Time

  • Played on: Sept. 13, 2015, 6:02 p.m.
  • Length: 3:28
Show
View Real Time Build Order
Export as new Build Order

SticklerMac Zerg 

Build Orders: Hatch First 

Get SALT Encoding   

  12  0:06  Drone  
  13  0:10  Drone  
  14  0:17  Overlord  
  14  0:36  Drone  
  14  0:37  Drone  
  14  0:38  Drone  
  17  0:54  Hatchery  
  17  0:57  Drone  
  17  1:00  Drone  
  18  1:12  Drone  
  18  1:17  Spawning Pool  
  18  1:23  Drone  
  19  1:28  Extractor  
  19  1:32  Drone  
  19  1:46  Hatchery  
  18  1:49  Drone  
  19  1:55  Drone  
  20  2:04  Queen  
  22  2:10  Queen  
  24  2:18  Drone  
  24  2:19  Zergling x2  
  24  2:20  Zergling x2  
  27  2:24  Zergling x2  
  28  2:48  Overlord x3  
  27  2:57  Spine Crawler  
  22  3:08  Zergling x6  
Show
View Real Time Build Order
Export as new Build Order

Drago Zerg - Winner!

Build Orders: Pool Only 

Get SALT Encoding   

  12  0:06  Extractor  
  11  0:23  Spawning Pool  
  11  0:26  Drone  
  11  0:32  Drone  
  12  0:37  Drone  
  13  0:45  Drone  
  14  0:56  Overlord  
  14  1:12  Metabolic Boost  
  14  1:20  Queen  
  14  1:25  Zergling x2  
  17  1:31  Zergling x2  
  18  1:34  Zergling x2  
  19  1:42  Overlord  
  19  1:51  Evolution Chamber  
  18  1:57  Zergling x2  
  19  2:05  Zergling x2  
  20  2:14  Zergling x2  
  21  2:35  Zergling x8  
  25  2:42  Zergling x2  
  26  2:57  Zergling x2  
  27  3:03  Zergling x6  
Tags
 
Add a new tag
Caveats
  • Supply blocks, unpowered buildings, or Contaminate may cause inaccurate times.
  • Supply counts are checked every 10 seconds.